 Dungeon Crawl Stone Soup version 0.27-a0-1158-gaa87e14f67 (webtiles) character file.

Game seed: 1505145761644382719

725 night the Stinger (level 7, -1/41 HPs)
             Began as an Octopode Venom Mage on May 11, 2021.
             Slain by a gnoll
             ... wielding a +0 flail
              (14 damage)
             ... on level 3 of the Dungeon on May 15, 2021.
             The game lasted 00:12:20 (4140 turns).

night the Stinger (Octopode Venom Mage)             Turns: 4140, Time: 00:12:21

Health: -1/41      AC:  1    Str:  7    XL:     7   Next: 71%
Magic:  12/14      EV: 14    Int: 19    God:
Gold:   156        SH:  0    Dex: 13    Spells: 3/16 levels left

rFire    . . .     SeeInvis .   h - +0 falchion
rCold    . . .     Faith    .   (no shield)
rNeg     . . .     Spirit   .   (helmet restricted)
rPois    .         Reflect  .   (no amulet)
rElec    .         Harm     .   d - ring of resist corrosion
rCorr    +         Rampage  .   (no ring)
Will     .....                  (no ring)
Stlth    +++.......             (no ring)
HPRegen  0.13/turn              (no ring)
MPRegen  0.14/turn              (no ring)
                                (no ring)
                                (no ring)

@: no status effects
A: almost no armour, amphibious, 8 rings, camouflage 1, gelatinous body 1,
(nimble swimmer 1), tentacles
a: no special abilities


You were on level 3 of the Dungeon.
You visited 1 branch of the dungeon, and saw 3 of its levels.

You collected 156 gold pieces.

Inventory:

Hand Weapons
 c - a +1 dagger
 h - a +0 falchion (weapon)
Missiles
 a - 54 stones
 b - 17 arrows
 e - 7 curare-tipped darts
 i - 2 silver boomerangs
 j - 2 throwing nets
Jewellery
 d - a ring of resist corrosion (left tentacle)
Potions
 f - a potion of cancellation {unknown}
 g - a potion of haste
 k - a potion of lignification {unknown}


   Skills:
 + Level 4.1 Dodging
 - Level 2.6 Stealth
 * Level 5.1 Spellcasting
 - Level 1.0 Transmutations
 * Level 7.2 Poison Magic


You had 3 spell levels left.
You knew the following spells:

 Your Spells              Type           Power      Damage    Failure   Level
a - Sting                 Tmut/Pois      80%        1d7       2%          1
b - Poisonous Vapours     Pois/Air       36%        N/A       4%          2
c - Ignite Poison         Fire/Tmut/Pois 15%        N/A       12%         3
d - Olgreb's Toxic Radia  Pois           32%        N/A       6%          4
e - Mephitic Cloud        Conj/Pois/Air  14%        N/A       14%         3

Your spell library contained the following spells:

 Spells                   Type           Power      Damage    Failure   Level
 Magic Dart               Conj           16%        1d3       12%         1
 Searing Ray              Conj           8%         3d3       19%         2
 Dazzling Flash           Conj/Hex       8%         N/A       36%         3
 Fulminant Prism          Conj/Hex       2%         3d6       77%         4
 Iskenderun's Mystic Bla  Conj/Tloc      4%         2d3       77%         4


Dungeon Overview and Level Annotations

Branches:
Dungeon (3/15)

Altars:
Trog


Innate Abilities, Weirdness & Mutations

You cannot wear most types of armour.
You are amphibious.
You can wear up to eight rings at the same time.
Your skin changes colour to match your surroundings (Stealth+).
Your rubbery body absorbs attacks. (AC +1, EV +1)
((You are camouflaged near water. (Stealth+)))
You have tentacles for arms and can constrict up to eight enemies at once.


Message History

The orc shouts!
You hear a shout! x2
The orc hits you with a +0 flail!
There is an open door, spattered with blood here.
You see here a +0 whip.
You hit the orc. You grab the orc.
The orc is lightly wounded.
You constrict the orc, but do no damage.
The orc completely misses you.
A gnoll comes into view. It is wielding a +0 flail.
The orc barely misses you.
You riposte.
You hit the orc but do no damage. You squeeze the orc.
The orc is heavily wounded.
You barely miss the orc.
The orc is heavily wounded.
You constrict the orc. The orc barely misses you.
You riposte.
You hit the orc but do no damage.
The orc is severely wounded.
You hit the orc but do no damage.
The orc is severely wounded.
You constrict the orc.
You kill the orc!
No target in view!
No target in view!
Casting: Poisonous Vapours (safe; 4% risk of failure)
Confirm with . or Enter, or press ? or * to list all spells.
Aiming: Poisonous Vapours (safe; 4% risk of failure)
Press: ? - help, Dir - move target, f - gnoll
Aim: a gnoll, wielding a +0 flail Poisonous vapours surround the gnoll!
The gnoll is engulfed in poison gas.
The gnoll is poisoned.
You hit the gnoll. Your grab misses the gnoll.
The gnoll is heavily wounded.
The gnoll hits you with a +0 flail!
You hit the gnoll but do no damage. Your grab misses the gnoll.
The gnoll is heavily wounded.
The gnoll barely misses you. The gnoll hits you with a +0 flail!
You hit the gnoll but do no damage. Your grab misses the gnoll.
The gnoll is severely wounded.
The gnoll hits you with a +0 flail!
You die...

#....≈≈###'# .K. #....≈≈≈.#.# .o#
#.P..≈≈≈.#.# .o.#
#....≈≈≈.#.###'## ##
#....≈≈≈.#.)g...#. .#
#....≈≈≈.#.)g...'. .#
#....≈≈≈.#.################ .#
#....≈≈≈.#g#........÷..#... .###
#....≈≈≈.#@))).)).))...'...
...####...P≈≈###'#)..........#...
.#...[#....≈≈#...#############'''
.######....≈≈#...#..............)
.#### #....≈≈#####≈≈≈≈≈≈≈≈≈≈≈≈...
....# #....≈≈≈≈≈≈≈≈≈≈≈≈≈≈≈≈≈≈≈..)
....###....≈≈≈≈≈≈≈≈≈≈≈≈≈≈≈≈≈≈≈...
......#..........................
....#....########.####....####...


You could see a gnoll (poisoned).

Vanquished Creatures
  Sigmund (D:2)
  A kobold brigand (D:3)
  A howler monkey (D:3)
  An orc priest (D:3)
  2 hounds (D:3)
  Terence (D:2)
  Natasha (D:3)
  An orc wizard (D:3)
  15 gnolls
  3 adders
  2 worms (D:2)
  22 orcs (D:3)
  6 endoplasms
  3 giant cockroaches
  6 goblins
  5 hobgoblins
  16 jackals
  4 quokkas
  6 ball pythons
  7 bats
  A frilled lizard (D:1)
  3 kobolds
  4 rats
112 creatures vanquished.

Vanquished Creatures (others)
  2 plants (D:3)
2 creatures vanquished.

Grand Total: 114 creatures vanquished

Notes
Turn   | Place    | Note
-------+----------+-------------------------------------------
     0 | D:1      | night the Octopode Venom Mage began the quest for the Orb.
     0 | D:1      | Reached XP level 1. HP: 11/11 MP: 3/3
   142 | D:1      | Reached XP level 2. HP: 9/17 MP: 0/5
   292 | D:1      | Learned a level 2 spell: Poisonous Vapours
   383 | D:1      | Reached skill level 4 in Poison Magic
  1000 | D:1      | Reached XP level 3. HP: 21/21 MP: 6/6
  1117 | D:1      | Upgraded the game from 0.27-a0-1147-gb3d8e82157 to
                  | 0.27-a0-1158-gaa87e14f67
  1452 | D:1      | Learned a level 3 spell: Mephitic Cloud
  1848 | D:2      | Found a faded altar of an unknown god.
  1915 | D:2      | Reached XP level 4. HP: 27/27 MP: 3/8
  2200 | D:2      | Noticed Sigmund
  2209 | D:2      | Killed Sigmund
  2210 | D:2      | Reached skill level 5 in Poison Magic
  2210 | D:2      | Reached XP level 5. HP: 31/31 MP: 1/10
  2210 | D:2      | Reached XP level 6. HP: 36/36 MP: 1/11
  2473 | D:2      | Learned a level 4 spell: Olgreb's Toxic Radiance
  2615 | D:2      | Found a bloodstained altar of Trog.
  2664 | D:2      | Noticed Terence
  2671 | D:2      | Killed Terence
  2836 | D:3      | Reached skill level 6 in Poison Magic
  3205 | D:3      | Reached XP level 7. HP: 9/41 MP: 4/13
  3481 | D:3      | Learned a level 3 spell: Ignite Poison
  3546 | D:3      | Noticed Natasha
  3555 | D:3      | Killed Natasha
  3973 | D:3      | Reached skill level 5 in Spellcasting
  3973 | D:3      | Reached skill level 7 in Poison Magic
  4140 | D:3      | Slain by a gnoll

Illustrated notes

Levels and vault maps discovered:
D:1:      dpeg_arrival_rooms_c, layout_basic
D:2:      layout_basic, basic_altar, basic_ecumenical_altar,
          hangedman_decor_clover_reticule, uniq_terence, uniq_sigmund
D:3:      lemuel_castle_with_subvaults [lemuel_castle_interior_carwin_1],
          layout_rooms, uniq_natasha

Skill      XL: |  1  2  3  4  5  6  7 |
---------------+----------------------+-----
Poison Magic   | 4 5 6 7 |  7.2
Dodging        | 3 4 |  4.1
Spellcasting   | 3 4 5 |  5.1
Stealth        | |  2.6
Transmutations | |  1.0

Action                   |  1- 3 |  4- 6 |  7- 9 || total
-------------------------+-------+-------+-------++-------
Melee: Unarmed           |    18 |       |       ||    18
       Constrict         |    17 |     8 |     5 ||    30
       Tentacles         |    10 |     7 |     2 ||    19
       Dagger            |    39 |    22 |       ||    61
       Falchion          |       |     8 |    19 ||    27
 Cast: Sting             |    23 |     8 |       ||    31
       Poisonous Vapours |     8 |    20 |    15 ||    43
       Mephitic Cloud    |       |     1 |       ||     1
       Olgreb's Toxic Ra |       |     7 |     8 ||    15
       Ignite Poison     |       |       |     3 ||     3
  Use: Scroll            |     4 |     1 |       ||     5
 Stab: Sleeping          |     4 |     2 |       ||     6
       Distracted        |     1 |       |       ||     1
Armor: Skin              |     4 |     1 |       ||     5
Dodge: Dodged            |    46 |    22 |    14 ||    82
       Rpst.: Falchion   |       |     4 |     5 ||     9

Table legend: (Time is in decaauts)
 A = Elapsed time spent in this place.
 B = Non-inter-level travel time spent in this place.
 C = Inter-level travel time spent in this place.
 D = Time resting spent in this place.
 E = Time spent auto-exploring this place.
 F = Levels seen in this place.
 G = Mean time per level.
                   A        B        C        D        E       F      G
               +--------+--------+--------+--------+--------+-----+--------+
         Total |   4146 |   4032 |    114 |   1605 |   1622 |   3 | 1382.0 |
       Dungeon |   4146 |   4032 |    114 |   1605 |   1622 |   3 | 1382.0 |
               +--------+--------+--------+--------+--------+-----+--------+

Top non-repeatable levels by time:
     D:1: 1600 daAuts
     D:3: 1316 daAuts
     D:2: 1230 daAuts
